 Dungeon Crawl Stone Soup version 0.31-a0-424-g41b3b0883d (webtiles) character file.

Game seed: 3783290858802450328

225 Grim the Shield-Bearer (level 6, -2/70 HPs)
             Began as a Formicid Fighter on July 30, 2023.
             Slain by a gnoll
             ... wielding a +0 spear
              (5 damage)
             ... on level 3 of the Dungeon.
             The game lasted 00:03:21 (2529 turns).

Grim the Shield-Bearer (Formicid Fighter)           Turns: 2529, Time: 00:03:22

Health: -2/70      AC: 23    Str: 22    XL:     6   Next: 21%
Magic:  6/6        EV:  2    Int:  8    God:
Gold:   116        SH:  5    Dex: 13    Spells: 5/5 levels left

rFire   . . .        a - +0 war axe
rCold   . . .        c - +0 buckler
rNeg    . . .        b - melded +0 scale mail
rPois   +            (helmet unavailable)
rElec   .            (cloak currently unavailable)
rCorr   .            l - melded +0 pair of gloves
SInv    .            i - melded +0 pair of boots
Will    .....        (no amulet)
Stlth   +            (no ring)
HPRegen 0.31/turn    (no ring)
MPRegen 0.10/turn

%: no passive effects
@: mighty, tree-form
A: stationary, stasis, torment immunity, boosted hp, permanent stasis, dig
shafts and tunnels, (antennae 3), four strong arms
a: no special abilities


You were on level 3 of the Dungeon.
You were a tree.
You visited 1 branch of the dungeon, and saw 3 of its levels.

You collected 116 gold pieces.

Inventory:

Hand Weapons
 a - a +0 war axe (weapon)
Armour
 b - a +0 scale mail (melded)
 c - a +0 buckler (worn)
 i - a +0 pair of boots (melded)
 l - a +0 pair of gloves (melded)
Jewellery
 j - an amulet of faith
 q - an amulet of magic regeneration
Scrolls
 e - 2 scrolls of enchant armour {unknown}
 g - 2 scrolls of identify {unknown}
 h - a scroll of fear {unknown}
 k - 4 scrolls of revelation {unknown}
 m - a scroll of noise {unknown}
 o - a scroll of poison {unknown}
 p - 2 scrolls of teleportation {unknown}
 s - a scroll of blinking {unknown}
Potions
 f - a potion of curing {unknown}
 n - a potion of lignification
 r - a potion of invisibility {unknown}


   Skills:
 - Level 3.2 Fighting
 + Level 4.4 Axes
 - Level 3.2 Armour
 + Level 6.6 Shields


You had 5 spell levels left.
You didn't know any spells.
Your spell library contained the following spells:

 Spells                   Type           Power      Damage    Failure   Level
 Magic Dart               Conj           0%         1d3       45%         1
 Sandblast                Erth           0%         2d4       45%         1
 Passwall                 Tmut/Erth      0%         N/A       61%         2
 Searing Ray              Conj           0%         2d4       61%         2
 Stone Arrow              Conj/Erth      0%         3d7       83%         3
 Fulminant Prism          Conj/Hex       0%         3d5       99%         4


Dungeon Overview and Level Annotations

Branches:
Dungeon (3/15)

Altars:
Nemelex Xobeh

Shops:
D:1 :(?


Innate Abilities, Weirdness & Mutations

You are a tree.
Your roots penetrate the ground, keeping you stationary.
You cannot be teleported.
You are immune to unholy pain and torment.
Your maximum health is greatly increased.
Your equipment is partially melded.
You cannot be hasted, slowed, berserked, paralysed or teleported.
You can dig through walls and to a lower floor.
((You have a pair of large antennae on your head. (SInv)))
Your four strong arms can wield two-handed weapons with a shield.


Message History

a +0 whip; a gnoll corpse You closely miss the gnoll.
The gnoll hits you with a +0 halberd!
* * * LOW HITPOINT WARNING * * *
The gnoll hits you but does no damage. You block the gnoll's attack. x2
You closely miss the gnoll. The gnoll barely misses you.
The gnoll closely misses you.
You barely miss the gnoll.
The gnoll hits you from afar with a +0 spear.
* * * LOW HITPOINT WARNING * * *
You block the gnoll's attack.
Unknown command.
You hit the gnoll.
The gnoll is heavily wounded.
The gnoll hits you with a +0 halberd!
* * * LOW HITPOINT WARNING * * *
The gnoll hits you but does no damage. You block the gnoll's attack.
The gnoll completely misses you.
You slash the gnoll!
You kill the gnoll!
The gnoll hits you but does no damage.
You hit the gnoll.
The gnoll is lightly wounded.
You block the gnoll's attack. x2
You slash the gnoll!
You kill the gnoll!
You block the gnoll's attack.
The gnoll hits you from afar with a +0 spear.
* * * LOW HITPOINT WARNING * * *
Unknown command.
The gnoll hits you with a +0 spear.
* * * LOW HITPOINT WARNING * * *
Items here: )) ††.
You barely miss the gnoll. You block the gnoll's attack.
Unknown command.
It was a potion of lignification.
You turn into a tree.
Your +0 pair of gloves melds into your body.
Your +0 pair of boots melds into your body.
Your +0 scale mail melds into your body.
Your roots penetrate the ground.
The gnoll hits you with a +0 spear.
You die...

#.......#####
#...........#
#######.......#
..............####
........####.....#
........# #.....#
#######.# #.....#
#)# #.....#
#######♣####.....#
#.......g..#.....#
#..........#.....#
#..........'.....+
############.....##
#..<....# #.......#
..#....!..
..{....#...


You could see a gnoll.

Vanquished Creatures
  An orc priest (D:3)
  Jessica (D:2)
  An orc wizard (D:3)
  3 gnolls (D:3)
  4 adders
  2 worms (D:2)
  2 dart slugs (D:1)
  2 orcs (D:3)
  5 ball pythons
  7 endoplasms
  5 giant cockroaches
  7 goblins
  6 hobgoblins
  3 jackals (D:1)
  8 kobolds
  3 quokkas
  3 bats
  3 frilled lizards
  3 rats (D:1)
69 creatures vanquished.

Notes
Turn   | Place    | Note
-------+----------+-------------------------------------------
     0 | D:1      | Grim the Formicid Fighter began the quest for the Orb.
     0 | D:1      | Reached XP level 1. HP: 18/18 MP: 1/1
   139 | D:1      | Reached XP level 2. HP: 12/24 MP: 2/2
   200 | D:1      | Found Legeqee's Weapon Boutique.
   259 | D:1      | Found Asuma's Book Emporium.
   274 | D:1      | Reached XP level 3. HP: 29/29 MP: 3/3
   467 | D:1      | Found Unwuboas's Magic Scroll Emporium.
   508 | D:1      | Reached skill level 5 in Shields
  1039 | D:2      | Noticed Jessica
  1048 | D:2      | Reached XP level 4. HP: 33/35 MP: 4/4
  1054 | D:2      | Killed Jessica
  1210 | D:2      | Reached XP level 5. HP: 41/41 MP: 5/5
  1955 | D:3      | Reached skill level 6 in Shields
  2339 | D:3      | Found a sparkling altar of Nemelex Xobeh.
  2360 | D:3      | Reached XP level 6. HP: 38/47 MP: 6/6
  2527 | D:3      | HP: 1/47 [gnoll/+0 spear (6)]
  2529 | D:3      | Slain by a gnoll

Illustrated notes

Levels and vault maps discovered:
D:1:      evilmike_arrival_hilbert_curve, layout_basic, serial_shops, shop,
          shop, nicolae_shop_bloodbath_and_beyond
D:2:      layout_basic, grunt_ministairs_3, uniq_jessica
D:3:      minmay_chambers_of_threes, layout_basic,
          nemelex_xobeh_ov_fountains_minmay, minmay_misc_feat_tiny,
          kennysheep_generic_room_3

Skill      XL: |  1  2  3  4  5 |
---------------+----------------+-----
Shields        | 5 6 |  6.6
Axes           | 3 4 |  4.4
Fighting       | |  3.2
Armour         | |  3.2

Action                     |  1- 3 |  4- 6 || total
---------------------------+-------+-------++-------
  Melee: War axe           |    98 |   113 ||   211
    Use: Potion            |       |     2 ||     2
 Armour: Scale mail        |    42 |    57 ||    99
  Dodge: Dodged            |    27 |    48 ||    75
  Block: Buckler           |    26 |    43 ||    69

Table legend: (Time is in decaauts)
 A = Elapsed time spent in this place.
 B = Non-inter-level travel time spent in this place.
 C = Inter-level travel time spent in this place.
 D = Time resting spent in this place.
 E = Time spent auto-exploring this place.
 F = Levels seen in this place.
 G = Mean time per level.
                   A        B        C        D        E       F      G
               +--------+--------+--------+--------+--------+-----+--------+
         Total |   2604 |   2475 |    129 |     96 |   1835 |   3 |  868.0 |
       Dungeon |   2604 |   2475 |    129 |     96 |   1835 |   3 |  868.0 |
               +--------+--------+--------+--------+--------+-----+--------+

Top non-repeatable levels by time:
     D:1: 1069 daAuts
     D:2: 869 daAuts
     D:3: 665 daAuts
